 Dungeon Crawl Stone Soup version 0.16.1-7-g2c6721e (webtiles) character file.

137377 Gorice the Brawler (level 16, -4/136 HPs)
             Began as a Demonspawn Wanderer on Mar 29, 2015.
             Was the Champion of Okawaru.
             Slain by a large abomination (23 damage)
             ... on level 1 of the Abyss.
             The game lasted 04:21:52 (35534 turns).

Gorice the Brawler (Demonspawn Wanderer)           Turns: 35534, Time: 04:21:53

Health: -4/136     AC: 23    Str: 21      XL:     16   Next: 68%
Magic:  0/26       EV: 13    Int: 11 (14) God:    Okawaru [******]
Gold:   883        SH:  0    Dex: 11      Spells: 0 memorised, 15 levels left

rFire  + . .     SeeInvis +       - Unarmed
rCold  + . .     Clarity  .     B - +2 scale mail {MR+}
rNeg   + . .     SustAb   .     (no shield)
rPois  +         Gourm    .     x - +1 helmet {SInv}
rElec  .         Spirit   +     R - +0 cloak
rCorr  .         Warding  .     (gloves unavailable)
rMut   .         Stasis   .     j - +1 pair of boots {run}
MR     +++..                    a - amulet of Starshine {rPois rC+ rN+ Regen+ Str+4 Int-2}
Stlth  ++........               Z - ring of protection from fire
                                V - ring of protection from magic

@: non-regenerating, mildly diseased, quick, extremely resistant to hostile
enchantments, unstealthy
A: claws 3, rough black scales 2, nightstalker 2, magic shield
a: Heroism, Finesse, Renounce Religion


You were on level 1 of the Abyss.
You worshipped Okawaru.
Okawaru was exalted by your worship.
You were not hungry.

You visited 5 branches of the dungeon, and saw 30 of its levels.
You visited the Abyss 1 time.
You also visited: Labyrinth and Volcano.

You collected 3376 gold pieces.
You spent 2493 gold pieces at shops.

Inventory:

Hand weapons
 b - a +2 arbalest of velocity
   (Okawaru gifted it to you on level 7 of the Lair of Beasts)
Missiles
 e - 18 poisoned bolts
 y - 39 bolts of flame
 K - 25 steel bolts
 M - 20 bolts
 P - 32 bolts of penetration
 T - 6 bolts of frost
 Y - 2 throwing nets (quivered)
Armour
 j - a +1 pair of boots of running (worn)
   (You acquired it on level 2 of the Lair of Beasts)
 x - a +1 helmet of see invisible (worn)
   (You bought it in a shop on level 3 of the Orcish Mines)
 B - a +2 scale mail of magic resistance (worn)
   (Okawaru gifted it to you on level 13 of the Dungeon)
 R - a +0 cloak (worn)
Jewellery
 a - the amulet of Starshine (around neck) {rPois rC+ rN+ Regen+ Str+4 Int-2}
   (You took it off an orc wizard on level 12 of the Dungeon)

   [amulet of regeneration]

   It affects your strength (+4).
   It affects your intelligence (-2).
   It protects you from cold.
   It protects you from poison.
   It protects you from negative energy.
   It increases your rate of regeneration.
 p - an uncursed ring of protection from cold
 r - an uncursed ring of positive energy
 v - an uncursed ring of protection from cold
 V - a ring of protection from magic (left claw)
 W - an uncursed amulet of resist mutation
 Z - a ring of protection from fire (right claw)
Magical devices
 f - a wand of fireball (6)
 q - a wand of invisibility (3)
 w - a wand of cold (6)
 C - a wand of disintegration (15)
 F - a wand of polymorph (11)
 X - a wand of hasting (7) {!d}
Scrolls
 c - a scroll of amnesia
 t - 7 scrolls of blinking
 u - 5 scrolls of teleportation {!r}
 z - 15 scrolls of remove curse
 D - a scroll of enchant weapon
 H - a scroll of fear {unknown}
 U - a scroll of fog
Potions
 h - 7 potions of agility {!q}
 i - 6 potions of curing
 k - 6 potions of might {!q}
 l - 6 potions of cancellation {!q}
 o - 2 potions of invisibility {!q}
 G - 3 potions of heal wounds {!q}
 J - 3 potions of haste {!q}
 N - 2 potions of resistance {!q}
 O - 4 potions of restore abilities {!q}
 S - 4 potions of ambrosia {!q}
Books
 Q - a book of Summonings
Miscellaneous
 s - a disc of storms
 E - a phantom mirror
 L - a lantern of shadows
Comestibles
 m - 23 fruits
 n - 3 meat rations {!e}
 I - 13 bread rations {!e}


   Skills:
 - Level 15.0 Fighting
 - Level 7.0 Crossbows
 - Level 1.0 Throwing
 + Level 7.7 Armour
 + Level 8.1 Dodging
 - Level 1.0 Stealth
   Level 1.0 Shields
 - Level 19.0 Unarmed Combat
 + Level 7.2 Invocations


You had 15 spell levels left.
You didn't know any spells.

Dungeon Overview and Level Annotations

Branches:
Dungeon (15/15)            Temple (1/1) D:6            Lair (8/8) D:8
  Swamp (2/5) Lair:6       Spider (0/5) Lair:6        Slime (0/6) Lair:6
    Orc (4/4) D:11            Elf (0/3) Orc:3        Vaults (0/5) D:14
 Depths (0/5) D:15

Altars:
Ashenzari
Cheibriados
Dithmenos
Elyvilon
Fedhas
Gozag
Kikubaaqudgha
Makhleb
Nemelex Xobeh
Okawaru
Qazlal
Ru
Sif Muna
Trog
Vehumet
Xom
Yredelemnul
Zin
The Shining One
Beogh
Jiyva

Shops:
D:5 [([   D:8 (   Orc:3 [   Orc:4 =(*[

Annotations:
D:3 Shoikan's ghost, average MiBe
D:8 Zigurun's ghost, experienced DDBe
D:10 vpUX: orange statue w loot needs dig, exclusion: orange crystal statue
Swamp:2 Louise


Innate Abilities, Weirdness & Mutations

You have claws for hands.
You are mostly covered in rough black scales (AC +7, Dex -2).
You are significantly more attuned to the shadows.
When hurt, damage is shared between your health and your magic reserves.


Message History

The smoke demon gestures at you. The ball of steam hits you!
You take 22 damage.
Unknown command.
Read which item? (? for menu, Esc to quit)
A powerful magic prevents control of your teleportation.
Your blink will be uncontrolled - continue anyway?
Okay, then.
Unknown command.
Unknown command.
Unknown command.
Drink which item? (? for menu, Esc to quit)
Really quaff
G - 4 potions of heal wounds {!q}?
You feel much better. The starspawn tentacle grabs you.
The starspawn tentacle constricts you. The large abomination hits you!
Unknown command.
Unknown command.
You scratch the tentacled starspawn!!
The starspawn tentacle loses its grip on you.
The tentacled starspawn is moderately damaged.
The starspawn tentacle grabs you. The starspawn tentacle constricts you.
The tentacled starspawn barely misses you. x2
The large abomination hits you!!
You take 16 damage.
You scratch the tentacled starspawn!!
The starspawn tentacle loses its grip on you.
The tentacled starspawn is severely damaged.
Unknown command.
You scratch the tentacled starspawn!
The tentacled starspawn is severely damaged.
The starspawn tentacle grabs you. The starspawn tentacle constricts you.
The tentacled starspawn bites you!
The tentacled starspawn completely misses you.
The large abomination hits you.
You take 8 damage.
You scratch the tentacled starspawn.
The starspawn tentacle loses its grip on you.
Your claw misses the tentacled starspawn.
The tentacled starspawn is severely damaged.
The starspawn tentacle grabs you. The starspawn tentacle constricts you.
The tentacled starspawn bites you!
* * * LOW HITPOINT WARNING * * *
The tentacled starspawn engulfs you!
* * * LOW HITPOINT WARNING * * *
You take 26 damage.
You completely miss the tentacled starspawn.
The starspawn tentacle loses its grip on you.
The tentacled starspawn is severely damaged.
The large abomination hits you!!
You die...

. . . ......
..........
............
#.....# . ..
##...###... #
..#....w#.....#
.....§.@X........
....§.Xw........
.
.......§3$......
. # .
.#.....#.... #
....###§..###...#
# ## . ... #3....
..... # ...##
......... . .. .
. .. ........ . .
. .. ....


You could see a tentacled starspawn, a large abomination, a smoke demon and 2
starspawn tentacles.

Vanquished Creatures
  A profane servitor (Abyss:1)
  2 tentacled starspawn (Abyss:1)
  A thorn hunter (Swamp:2)
  A cacodemon (Abyss:1)
  Gastronok (D:10)
  2 orc warlords
  4 dire elephants (Lair:8)
  The ghost of Zigurun the Protected, a powerful GrFi of Qazlal (D:15)
  A minotaur (Lab)
  4 vault guards (D:14)
  An ogre mage (D:14)
  Fannar (Orc:4)
  Harold (Orc:3)
  Nessos (Volcano)
  5 centaur warriors
  7 alligators
  A catoblepas (D:14)
  9 hydras
  Erica (Lair:1)
  An anaconda (Lair:8)
  A thrashing horror (Abyss:1)
  6 death yaks
  3 tengu warriors (D:13)
  2 orc high priests
  Nergalle (D:15)
  A hell hog (Abyss:1)
  A wretched star (Abyss:1)
  6 unseen horrors
  A storm dragon skeleton (Abyss:1)
  A lindwurm (Lair:5)
  Erolcha (Orc:3)
  3 hill giants
  2 wizards
  2 swamp dragons (Swamp:2)
  8 orc knights
  3 orc sorcerers
  6 cyclopes
  24 ugly things
  A large abomination (Abyss:1)
  2 manticores
  A manticore (shapeshifter) (D:15)
  A sixfirhy (Abyss:1)
  A griffon (D:14)
  2 molten gargoyles (Lair:6)
  18 elephants
  4 centaur zombies
  Maurice (Orc:1)
  14 spiny frogs
  An orange demon (Abyss:1)
  2 gargoyles
  A torpor snail (Lair:8)
  A smoke demon (Abyss:1)
  4 black mambas
  2 yaktaurs (Volcano)
  An ancient zyme (Abyss:1)
  2 kobold demonologists (D:15)
  3 fire drakes
  5 komodo dragons
  A jumping spider (shapeshifter) (D:13)
  A tengu conjurer (D:13)
  5 trolls
  10 blink frogs
  2 two-headed ogres
  A blue devil (Abyss:1)
  5 ravens
  A wind drake (shapeshifter) (D:15)
  2 boulder beetles
  A bog body (Swamp:1)
  11 slime creatures
  2 raiju (Abyss:1)
  A trapdoor spider zombie (D:8)
  3 wyverns
  2 basilisks
  5 deep elf magi
  A neqoxec (Abyss:1)
  A spriggan (D:9)
  4 fire bats (Abyss:1)
  A golden eye (Abyss:1)
  20 yaks
  8 vampire mosquitoes
  Eustachio (Orc:2)
  9 wolves
  4 wraiths
  5 hippogriffs
  Grum (Orc:1)
  2 chaos spawn (Abyss:1)
  7 hungry ghosts
  5 insubstantial wisps (Swamp:1)
  2 wargs (Orc:4)
  11 porcupines
  13 swamp worms
  11 water moccasins
  A mottled dragon (D:12)
  4 small abominations (Abyss:1)
  A hell hound (Abyss:1)
  3 swamp drakes
  8 phantoms
  51 orc warriors
  3 sky beasts
  9 boggarts
  3 eyes of draining
  3 ice beasts
  2 boring beetles
  20 centaurs
  15 ogres
  21 crocodiles
  Sigmund (D:7)
  A brain worm (Abyss:1)
  A gnoll sergeant (D:8)
  4 big kobolds
  Blork the orc (Orc:4)
  23 giant frogs
  A wyvern zombie (D:14)
  A water moccasin zombie (D:6)
  5 scorpions
  3 wights (D:11)
  4 killer bees (D:8)
  8 crimson imps
  2 electric eels
  12 hounds
  2 quasits
  4 starcursed masses (Abyss:1)
  3 giant frog zombies
  4 goliath beetles
  A wasp zombie (D:5)
  9 centaur skeletons
  5 lava snakes (Lair:6)
  4 jellies
  38 orc priests
  3 giant frog skeletons
  An iron imp (Abyss:1)
  14 iguanas
  48 orc wizards
  13 worker ants
  A killer bee zombie (D:11)
  A hound skeleton (D:7)
  13 gnolls
  74 river rats
  A shadow imp (D:13)
  31 adders
  2 giant mites (D:5)
  3 worms (D:3)
  An adder zombie (D:8)
  3 giant geckos
  2 oozes
  192 orcs
  7 ball pythons
  12 bats
  A bat skeleton (D:4)
  3 giant cockroaches
  16 goblins
  18 hobgoblins
  12 jackals
  28 kobolds
  12 quokkas
  A giant gecko zombie (D:6)
  7 giant newts
  A giant spore (D:12)
  A quokka skeleton (D:8)
  13 rats
  3 ballistomycetes (D:12)
  3 plants (Lair:8)
1166 creatures vanquished.

Vanquished Creatures (others)
  An orc (D:7)
  A giant spore (D:12)
  4 plants
  2 starspawn tentacles (Abyss:1)
  15 starspawn tentacle segments (Abyss:1)
23 creatures vanquished.

Grand Total: 1189 creatures vanquished

Notes
Turn   | Place    | Note
--------------------------------------------------------------
     0 | D:1      | Gorice, the Demonspawn Wanderer, began the quest for the Orb.
     0 | D:1      | Gorice set off with: a +2 hand crossbow, 2 potions of curing, a +0 robe, 28 bolts, a bread ration {!e}
     0 | D:1      | Reached XP level 1. HP: 18/18 MP: 1/1
    13 | D:1      | Reached skill level 2 in Crossbows
    13 | D:1      | Gained mutation: You have sharp fingernails. [demonic ancestry]
    13 | D:1      | Reached XP level 2. HP: 24/24 MP: 2/2
   251 | D:1      | Found a shimmering altar of Xom.
   308 | D:1      | Reached skill level 3 in Crossbows
   493 | D:1      | Gained mutation: You are partially covered in rough black scales (AC +4, Dex -1). [demonic ancestry]
   493 | D:1      | Reached XP level 3. HP: 27/29 MP: 3/3
   721 | D:2      | Found a stormy altar of Qazlal.
  1302 | D:3      | Reached XP level 4. HP: 27/35 MP: 4/4
  1321 | D:3      | Reached skill level 4 in Crossbows
  1438 | D:3      | HP: 3/35 [orc/whip of electrocution (13)]
  1456 | D:3      | HP: 4/35 [bat (1)]
  1470 | D:2      | HP: 10/35 [adder (2)]
  1888 | D:2      | Found a glowing silver altar of Zin.
  2068 | D:3      | Reached XP level 5. HP: 41/41 MP: 5/5
  2231 | D:3      | Reached skill level 5 in Crossbows
  2391 | D:3      | Noticed Shoikan's ghost (average MiBe)
  2408 | D:3      | HP: 11/41 [Shoikan's ghost (6)]
  2742 | D:4      | Reached XP level 6. HP: 47/47 MP: 6/6
  2775 | D:4      | Reached skill level 6 in Crossbows
  2975 | D:4      | Noticed a sky beast
  3003 | D:4      | Killed a sky beast
  3075 | D:4      | Reached skill level 7 in Crossbows
  3075 | D:4      | Reached XP level 7. HP: 47/52 MP: 7/7
  3157 | D:4      | Reached skill level 1 in Unarmed Combat
  3495 | D:5      | Entered Level 5 of the Dungeon
  3626 | D:5      | Reached skill level 2 in Unarmed Combat
  3689 | D:5      | Reached skill level 3 in Unarmed Combat
  3878 | D:5      | Found Weustroza's Armour Boutique.
  3890 | D:5      | Reached skill level 4 in Unarmed Combat
  4047 | D:5      | Found a snail-covered altar of Cheibriados.
  4131 | D:5      | Found Soraopsi's Weapon Emporium.
  4139 | D:5      | Found Brul Mesch's Antique Armour Emporium.
  4159 | D:5      | Gained mutation: When hurt, damage is shared between your health and your magic reserves. [demonic ancestry]
  4159 | D:5      | Reached XP level 8. HP: 54/58 MP: 8/8
  4332 | D:5      | Reached skill level 5 in Unarmed Combat
  4953 | D:5      | Identified a scroll of acquirement
  4954 | D:5      | Got a twisted buckler
  4960 | D:5      | Identified the +1 buckler of Honesty {Dex+5} (You acquired it on level 5 of the Dungeon)
  5063 | D:6      | Reached skill level 6 in Unarmed Combat
  5251 | D:6      | Found a staircase to the Ecumenical Temple.
  5270 | Temple   | Entered the Ecumenical Temple
  5333 | Temple   | Became a worshipper of Warmaster Okawaru
  5572 | D:6      | Reached skill level 7 in Unarmed Combat
  5776 | D:6      | Acquired Okawaru's first power
  5977 | D:7      | Reached skill level 8 in Unarmed Combat
  6032 | D:7      | Gained mutation: You are mostly covered in rough black scales (AC +7, Dex -2). [demonic ancestry]
  6032 | D:7      | Reached XP level 9. HP: 53/63 MP: 7/9
  6108 | D:7      | Found a basalt altar of Yredelemnul.
  6208 | D:7      | Noticed Sigmund
  6215 | D:7      | Killed Sigmund
  6330 | D:7      | Reached skill level 9 in Unarmed Combat
  6544 | D:7      | You fall through a shaft for 2 floors!
  6651 | D:9      | Reached skill level 10 in Unarmed Combat
  6668 | D:9      | Noticed a brown ugly thing
  6721 | D:9      | Killed a white ugly thing
  7224 | D:7      | Reached skill level 11 in Unarmed Combat
  7530 | D:7      | Reached XP level 10. HP: 38/70 MP: 4/10
  7532 | D:7      | HP: 15/70 [orc priest/divine providence (13)]
  7819 | D:8      | Noticed Zigurun's ghost (experienced DDBe)
  8126 | D:8      | Identified Sif Muna's Papyrus of Orientation
  8233 | D:8      | Found Fyvoih's Antique Weapon Boutique.
  8425 | D:8      | Found a glowing golden altar of the Shining One.
  8425 | D:8      | Found a deep blue altar of Sif Muna.
  8426 | D:8      | Found a white marble altar of Elyvilon.
  8666 | D:8      | Found a staircase to the Lair.
  8791 | Lair:1   | Entered Level 1 of the Lair of Beasts
  8812 | Lair:1   | Noticed Erica
  8825 | Lair:1   | Killed Erica
  8825 | Lair:1   | Reached skill level 12 in Unarmed Combat
  9376 | Lair:1   | Noticed a black mamba
  9387 | Lair:1   | Killed a black mamba
  9489 | Lair:1   | Reached skill level 13 in Unarmed Combat
 10102 | D:5      | Bought a smoking scale mail for 189 gold pieces
 10112 | D:5      | Identified the +3 scale mail of the Morning {rCorr Str-4 Int+2 Dex-2 SInv} (You bought it in a shop on level 5 of the Dungeon)
 10112 | D:5      | Bought a heavily runed scale mail for 189 gold pieces
 10122 | D:5      | Identified the +3 scale mail of Trial and Error {rCorr} (You bought it in a shop on level 5 of the Dungeon)
 10393 | Lair:2   | Identified a +0 pair of boots of running (You acquired it on level 2 of the Lair of Beasts)
 10434 | Lair:2   | Noticed a black mamba
 10440 | Lair:2   | Killed a black mamba
 10440 | Lair:2   | Gained mutation: You are slightly more attuned to the shadows. [demonic ancestry]
 10440 | Lair:2   | Reached XP level 11. HP: 63/75 MP: 8/11
 10556 | Lair:2   | Found a burning altar of Makhleb.
 10561 | Lair:2   | Noticed a black mamba
 10569 | Lair:2   | Killed a black mamba
 11096 | Lair:2   | Noticed a black mamba
 11104 | Lair:2   | Killed a black mamba
 11104 | Lair:2   | Reached skill level 14 in Unarmed Combat
 11440 | Lair:3   | Received a gift from Okawaru
 12179 | Lair:3   | Received a gift from Okawaru
 12605 | Lair:4   | Acquired Okawaru's second power
 12661 | Lair:4   | Noticed a six-headed hydra
 12668 | Lair:4   | Killed a five-headed hydra
 12668 | Lair:4   | Reached skill level 15 in Unarmed Combat
 13276 | Lair:5   | Got a heavily runed ring mail
 13294 | Lair:4   | Identified the cursed -1 ring mail "Aryeprel" {rElec rN+ Str-3 Slay-6 SInv} (You found it on level 5 of the Lair of Beasts)
 13350 | Lair:4   | Received a gift from Okawaru
 13505 | Lair:5   | Reached skill level 4 in Fighting
 13558 | Lair:5   | Received a gift from Okawaru
 13655 | Lair:5   | Reached skill level 5 in Fighting
 13826 | Lair:5   | Gained mutation: You have very sharp fingernails. [demonic ancestry]
 13826 | Lair:5   | Reached XP level 12. HP: 86/86 MP: 12/12
 14505 | Lair:6   | Reached skill level 6 in Fighting
 14536 | Lair:6   | Found a runed door.
 14536 | Lair:6   | Found a viscous altar of Jiyva.
 14547 | Lair:6   | Found a staircase to the Slime Pits.
 14629 | Lair:6   | Got a brightly glowing robe
 14716 | Lair:6   | Got a spiked leather armour
 14968 | Lair:6   | Found a staircase to the Swamp.
 15233 | Lair:6   | Reached skill level 7 in Fighting
 15616 | Lair:6   | Found a hole to the Spider Nest.
 15722 | Lair:6   | Received a gift from Okawaru
 15722 | Lair:6   | Reached skill level 8 in Fighting
 15844 | Lair:6   | Received a gift from Okawaru
 15950 | Lair:6   | Identified the +3 leather armour "Briumpel" {Dex+4} (You found it on level 6 of the Lair of Beasts)
 16027 | Lair:7   | Reached skill level 9 in Fighting
 16521 | Lair:7   | Identified the Papyrus of Vitriolic Shape Shifting
 16650 | Lair:7   | Received a gift from Okawaru
 16684 | Lair:6   | Reached skill level 10 in Fighting
 16684 | Lair:6   | Reached skill level 16 in Unarmed Combat
 17087 | Lair:7   | Gained mutation: You have claws for hands. [demonic ancestry]
 17087 | Lair:7   | Reached XP level 13. HP: 103/103 MP: 13/13
 17599 | Lair:8   | Entered Level 8 of the Lair of Beasts
 17836 | Lair:8   | Found a dark tunnel.
 17853 | Volcano  | Entered a volcano
 17902 | Volcano  | Noticed Nessos
 17915 | Volcano  | Killed Nessos
 18222 | Lair:8   | Received a gift from Okawaru
 18283 | Lair:8   | Reached skill level 11 in Fighting
 18417 | Lair:8   | Found a snail-covered altar of Cheibriados.
 19091 | Lair:8   | HP: 29/106 [anaconda (9)]
 19095 | Lair:8   | Noticed a dire elephant
 19101 | Lair:8   | Noticed a dire elephant
 19220 | Lair:8   | Noticed a dire elephant
 19341 | Lair:8   | Killed a dire elephant
 19479 | Lair:8   | Killed a dire elephant
 19479 | Lair:8   | Received a gift from Okawaru
 19524 | Lair:8   | Noticed a dire elephant
 19524 | Lair:8   | Noticed a dire elephant
 19651 | Lair:8   | Killed a dire elephant
 19786 | Lair:8   | Killed a dire elephant
 19786 | Lair:8   | Received a gift from Okawaru
 19786 | Lair:8   | Reached skill level 12 in Fighting
 19786 | Lair:8   | Reached skill level 17 in Unarmed Combat
 20707 | D:9      | Noticed a wizard
 20714 | D:9      | Killed a wizard
 21221 | D:10     | Entered Level 10 of the Dungeon
 21679 | D:10     | Noticed Gastronok
 21703 | D:10     | Killed Gastronok
 22030 | D:11     | Gained mutation: You are significantly more attuned to the shadows. [demonic ancestry]
 22030 | D:11     | Reached XP level 14. HP: 93/116 MP: 10/14
 22284 | D:11     | Found an iron altar of Okawaru.
 22676 | D:11     | Found a staircase to the Orcish Mines.
 23275 | Orc:1    | Entered Level 1 of the Orcish Mines
 23291 | Orc:1    | Noticed Grum
 23336 | Orc:1    | Killed Grum
 23873 | Orc:2    | Noticed Eustachio
 23882 | Orc:2    | Killed Eustachio
 24039 | Orc:1    | Noticed Maurice
 24047 | Orc:1    | Killed Maurice
 24047 | Orc:1    | Reached skill level 13 in Fighting
 24100 | Orc:1    | Found a burning altar of Makhleb.
 24356 | Orc:3    | Found Eraptai's Antique Armour Boutique.
 24376 | Orc:3    | Found a staircase to the Elven Halls.
 24604 | Orc:3    | Paralysed by an orc sorcerer for 5 turns
 24794 | Orc:3    | Noticed an orc warlord
 24801 | Orc:3    | Killed an orc warlord
 24817 | Orc:3    | Received a gift from Okawaru
 24917 | Orc:3    | Found a roughly hewn altar of Beogh.
 25075 | Orc:3    | Received a gift from Okawaru
 25078 | Orc:3    | Got an encrusted leather armour {god gift}
 25129 | Orc:3    | Identified the -6 leather armour of the Leaf {+Inv Stlth+} (Okawaru gifted it to you on level 3 of the Orcish Mines)
 25185 | Orc:3    | Noticed Erolcha
 25188 | Orc:3    | Noticed Harold
 25202 | Orc:3    | Killed Erolcha
 25211 | Orc:3    | Killed Harold
 25397 | Orc:3    | Bought a shiny helmet for 103 gold pieces
 25914 | Orc:4    | Entered Level 4 of the Orcish Mines
 26240 | Orc:4    | Noticed an orc warlord
 26257 | Orc:4    | Killed an orc warlord
 26270 | Orc:4    | Reached skill level 18 in Unarmed Combat
 26394 | Orc:4    | Noticed Fannar
 26409 | Orc:4    | Killed Fannar
 26532 | Orc:4    | Noticed Blork the orc
 26539 | Orc:4    | Killed Blork the orc
 26659 | Orc:4    | Reached skill level 14 in Fighting
 26884 | Orc:4    | Paralysed by an orc sorcerer for 5 turns
 26966 | Orc:4    | Found a roughly hewn altar of Beogh.
 27002 | Orc:4    | Found Dyfua's Jewellery Emporium.
 27013 | Orc:4    | Found Nesa's General Store.
 27034 | Orc:4    | Found Shrikh's Antique Weapon Emporium.
 27075 | Orc:4    | Found Ylesm's Antique Armour Emporium.
 27096 | Orc:4    | Bought a potion of resistance for 150 gold pieces
 27138 | Orc:4    | Bought a slimy cloak for 237 gold pieces
 27143 | Orc:4    | Identified the cursed -1 cloak of Fun and Games {rC++ MR- Dex+4 Slay+3} (You bought it in a shop on level 4 of the Orcish Mines)
 27175 | Orc:4    | Bought a transparent ice dragon armour for 1625 gold pieces
 27185 | Orc:4    | Identified the +3 ice dragon armour "Acwusico" {rF- rC++ Str+5} (You bought it in a shop on level 4 of the Orcish Mines)
 27527 | Lair:1   | Identified the +1 robe of Nomaseim {rN+ Str+3} (You found it on level 6 of the Lair of Beasts)
 28197 | D:12     | Got a slimy tin amulet
 28443 | D:12     | Identified the amulet of Starshine {rPois rC+ rN+ Regen+ Str+4 Int-2} (You took it off an orc wizard on level 12 of the Dungeon)
 28868 | D:13     | Reached XP level 15. HP: 121/127 MP: 13/15
 29087 | D:13     | Received a gift from Okawaru
 29788 | D:14     | Found a gate to the Vaults.
 29922 | D:14     | Reached skill level 15 in Fighting
 30439 | D:14     | Reached skill level 19 in Unarmed Combat
 30582 | D:14     | Reached skill level 2 in Dodging
 30582 | D:14     | Reached skill level 1 in Invocations
 30679 | D:14     | Reached skill level 1 in Armour
 30691 | D:14     | Reached skill level 2 in Invocations
 30837 | D:14     | Reached skill level 2 in Armour
 31239 | D:15     | Entered Level 15 of the Dungeon
 31254 | D:15     | Reached skill level 3 in Dodging
 31282 | D:15     | Found a labyrinth entrance.
 31291 | Lab      | Entered a labyrinth
 31447 | Lab      | Got an encrusted glaive
 31447 | Lab      | Got a polished great sword
 31561 | D:15     | Reached skill level 3 in Armour
 31678 | D:15     | Reached skill level 4 in Dodging
 31774 | D:15     | Noticed Zigurun's ghost (powerful GrFi)
 31929 | D:15     | Reached skill level 4 in Armour
 31994 | D:15     | Received a gift from Okawaru
 32140 | D:15     | HP: 37/129 [seven-headed hydra (11)]
 32327 | D:15     | Reached skill level 5 in Dodging
 32365 | D:15     | Noticed Nergalle
 32372 | D:15     | Killed Nergalle
 32414 | D:15     | Reached skill level 5 in Armour
 32595 | D:15     | Received a gift from Okawaru
 32740 | D:15     | Found a staircase to the Depths.
 32836 | D:15     | Killed Zigurun's ghost
 32836 | D:15     | Reached XP level 16. HP: 133/136 MP: 16/19
 32863 | D:15     | Received a gift from Okawaru
 33177 | Lair:5   | Noticed a lindwurm
 33181 | Lair:5   | Killed a lindwurm
 33272 | Swamp:1  | Entered Level 1 of the Swamp
 33281 | Lair:6   | Reached skill level 6 in Dodging
 33326 | Swamp:1  | HP: 39/136 [insubstantial wisp (4)]
 33534 | Swamp:1  | Reached skill level 6 in Armour
 33876 | Swamp:1  | Reached skill level 3 in Invocations
 34214 | Swamp:2  | Reached skill level 4 in Invocations
 34378 | Swamp:2  | Received a gift from Okawaru
 34405 | Swamp:2  | Reached skill level 7 in Dodging
 34626 | Swamp:2  | Reached skill level 5 in Invocations
 34729 | Swamp:2  | Noticed Louise
 34735 | Swamp:2  | Cast into the Abyss (Louise)
 34968 | Abyss:1  | Reached skill level 7 in Armour
 35052 | Abyss:1  | Received a gift from Okawaru
 35065 | Abyss:1  | Got a steaming helmet {god gift}
 35078 | Abyss:1  | Identified the -1 helmet of Eternity {rPois Dex+3} (Okawaru gifted it to you on level 1 of the Abyss)
 35152 | Abyss:1  | Noticed a profane servitor
 35169 | Abyss:1  | Killed a profane servitor
 35169 | Abyss:1  | Reached skill level 6 in Invocations
 35284 | Abyss:1  | Noticed a tentacled starspawn
 35292 | Abyss:1  | Killed a tentacled starspawn
 35393 | Abyss:1  | Noticed a tentacled starspawn
 35399 | Abyss:1  | Killed a tentacled starspawn
 35399 | Abyss:1  | Reached skill level 8 in Dodging
 35475 | Abyss:1  | Reached skill level 7 in Invocations
 35518 | Abyss:1  | Noticed a tentacled starspawn
 35533 | Abyss:1  | HP: 32/136 [tentacled starspawn (13)]
 35534 | Abyss:1  | Slain by a large abomination

Action                   |  1- 3 |  4- 6 |  7- 9 | 10-12 | 13-15 | 16-18 || total
-------------------------+-------+-------+-------+-------+-------+-------++-------
Melee: Unarmed           |     8 |    19 |    56 |   745 |  1748 |   323 ||  2899
       Hand crossbow     |       |     5 |       |       |       |       ||     5
       Whip              |       |    19 |   233 |    21 |       |       ||   273
       Scimitar          |       |       |       |     1 |       |       ||     1
 Fire: Hand crossbow     |    90 |    99 |   183 |   340 |       |       ||   712
       Blowgun           |       |     9 |    43 |    20 |       |       ||    72
       Arbalest          |       |       |       |    12 |   276 |    44 ||   332
Throw: Stone             |       |       |       |     2 |       |       ||     2
Invok: Heroism           |       |       |     6 |    21 |    23 |     5 ||    55
Evoke: Wand              |       |       |     3 |    11 |       |     1 ||    15
  Use: Scroll            |     5 |     1 |     8 |    12 |    10 |     5 ||    41
       Potion            |       |     1 |       |     1 |     3 |     3 ||     8
 Stab: Sleeping          |       |       |     3 |     2 |     5 |     1 ||    11
       Distracted        |       |       |       |       |     1 |       ||     1
  Eat: Chunk             |     1 |     4 |    16 |    35 |    57 |    10 ||   123
       Beef jerky        |       |     1 |     1 |       |     1 |     1 ||     4
       Pizza             |       |       |       |       |     2 |       ||     2
       Bread ration      |       |       |       |       |     1 |       ||     1

Table legend:
 A = Turns spent in this place as a percentage of turns spent in the entire game.
 B = Non-inter-level travel turns spent in this place as a percentage of non-inter-level travel turns spent in the entire game.
 C = Inter-level travel turns spent in this place as a percentage of turns spent in this place.
 D = Turns resting spent in this place as a percentage of non-inter-level travel turns spent in this place.
 E = Turns spent auto-exploring this place as a percentage of non-inter-level travel turns spent in this place.
 F = Non-inter-level travel turns spent in this place divided by the number of levels of this place that you've seen.
                   A       B       C       D       E      F
               +-------+-------+-------+-------+-------+----------------------
         Total | 100.0 | 100.0 |   0.5 |   0.8 |   4.1 | 494.0
       Dungeon |  44.6 |  44.6 |   0.6 |   0.8 |   5.0 | 484.9
        Temple |   0.2 |   0.2 |   0.0 |   0.0 |  22.2 |  36.0
          Lair |  30.1 |  30.1 |   0.6 |   1.2 |   4.0 | 613.4
         Swamp |   3.3 |   3.4 |   0.2 |   0.0 |   6.4 | 273.5
  Orcish Mines |  15.0 |  15.1 |   0.4 |   0.7 |   2.5 | 613.8
         Abyss |   4.4 |   4.4 |   0.0 |   0.3 |   1.0 | 719.0
     Labyrinth |   1.1 |   1.1 |   0.0 |   0.0 |   0.0 | 179.0
       Volcano |   1.1 |   1.1 |   0.0 |   2.2 |   0.0 | 185.0
               +-------+-------+-------+-------+-------+----------------------

Vault maps used:
D:1:      lightli_arrival_flooded_house, xom_teletrap_fun
D:2:      nicolae_overflow_hidden_temple, nicolae_overflow_crystal_walls
D:3:      minmay_hedge_maze
D:5:      lemuel_round_altar, first_bread, serial_shops, shop,
          nicolae_shop_behind_doors, nicolae_shop_overgrown_old_shop
D:6:      minmay_temple_entry_crystal_x
D:7:      boulder_indie, overflow_temple_1_default, uniq_sigmund
D:8:      gammafunk_temple_overflow_claw, lair_0_dummy, serial_shops,
          nicolae_shop_crystal
D:9:      the_bakery, lightli_wizard_tower
D:10:     minmay_protected_statue, uniq_gastronok
D:11:     minmay_opposing_rooms, erik_orc_1, okawaru_ov_weapons_minmay
D:13:     roderic_filled_cross
D:14:     lightli_vaults_fourway_checkpoint, minmay_misc_feat_rugged
D:15:     gammafunk_enter_depths_forms, lab_entry_generic, minivault_25,
          uniq_nergalle
Temple:   temple_eino_lava_12
Lair:1:   uniq_erica
Lair:2:   basic_altar
Lair:3:   wad_woods_road_02, nicolae_quartered_pool_little, guppyfry_lair_drakes
Lair:5:   lemuel_fruit_tree
Lair:6:   cheibrodos_magma_flow, nicolae_swamp_entry_splash_gauntlet,
          spider_nest_entry_web_field, slime_altar_2
Lair:8:   due_jungle_book, nicolae_volcano_entry_hallway,
          kennysheep_snail_temple, grunt_megastairs_1, lemuel_fruit_fields
Swamp:1:  hangedman_swamp_blocks
Swamp:2:  evilmike_swamp_ruin_house_4, uniq_louise
Orc:1:    basic_altar, uniq_grum, uniq_maurice
Orc:2:    uniq_eustachio
Orc:3:    orc_temple, serial_shops, shop, nicolae_orc_pool_cavern, uniq_erolcha,
          uniq_harold
Orc:4:    grunt_orc_cross, uniq_fannar
Abyss:1:  evilmike_abyss_exit_17
Lab:      labyrinth_skeletal_remains, nicolae_lab_blocks, lab_hedge,
          nicolae_lab_swirl, nicolae_lab_arrow, nicolae_lab_garden
Volcano:  volcano_pools
